Map: Acid Plant LE

Players

HateMe - Winner!

  • Race: Zerg Zerg
  • Spawn Location: 5:00

Nice

  • Race: Protoss Protoss
  • Spawn Location: 11:00

Event: WCS Valencia 2018

VOD

Have the link to the VOD?

Description

Time

  • Played on: July 12, 2018, 6:25 a.m.
  • Length: 9:48

All games in this series

Show
View Real Time Build Order
Export as new Build Order

HateMe Zerg - Winner!

Build Orders: Hatch First, Muta Ling Bane 

Get SALT Encoding   

  12  0:00  Drone  
  13  0:12  Overlord  
  13  0:16  Drone  
  14  0:31  Drone x2  
  14  0:34  Drone  
  17  0:51  Hatchery  
  17  0:54  Drone  
  17  0:58  Drone  
  17  1:02  Extractor  
  17  1:12  Spawning Pool  
  17  1:16  Drone  
  17  1:19  Drone  
  18  1:28  Drone  
  19  1:39  Overlord  
  19  1:49  Drone  
  20  1:59  Queen  
  22  2:01  Zergling x2  
  22  2:04  Queen  
  22  2:06  Zergling x2  
  26  2:11  Drone  
  26  2:14  Drone  
  28  2:21  Drone  
  29  2:25  Drone  
  30  2:38  Hatchery  
  30  2:41  Queen  
  31  2:49  Overlord  
  31  2:50  Drone  
  32  2:52  Drone  
  32  2:54  Drone  
  32  2:56  Drone  
  35  3:02  Pneumatized Carapace  
  35  3:11  Overlord, Drone  
  35  3:12  Drone  
  37  3:13  Drone x3  
  37  3:18  Drone  
  41  3:25  Drone  
  42  3:28  Queen  
  42  3:30  Drone  
  45  3:34  Metabolic Boost  
  45  3:35  Overlord  
  45  3:38  Drone  
  45  3:39  Drone x2  
  45  3:40  Drone  
  49  3:46  Drone  
  50  3:48  Extractor  
  50  3:50  Drone  
  50  3:51  Drone  
  50  3:55  Roach Warren, Drone  
  52  3:56  Drone  
  52  3:58  Drone  
  52  4:01  Drone  
  54  4:10  Overlord  
  54  4:15  Overlord  
  54  4:19  Lair  
  54  4:22  Drone x2  
  54  4:23  Drone  
  54  4:24  Overlord x2  
  57  4:27  Overlord  
  57  4:35  Roach x5  
  67  4:39  Roach  
  67  4:40  Zergling x4  
  67  4:43  Zergling x2  
  67  4:44  Zergling x2  
  73  4:49  Overlord  
  73  4:50  Zergling x4  
  73  4:52  Zergling x2  
  76  5:03  Zergling x2  
  76  5:04  Zergling x12  
  83  5:10  Spore Crawler  
  82  5:15  Overlord  
  82  5:16  Drone  
  82  5:17  Drone  
  82  5:19  Glial Reconstitution  
  84  5:21  Evolution Chamber  
  84  5:27  Overlord  
  83  5:28  Drone  
  83  5:29  Drone x3  
  83  5:33  Overlord  
  83  5:34  Drone x2  
  83  5:35  Overseer  
  89  5:38  Drone x2  
  89  5:40  Extractor  
  89  5:42  Drone x4  
  94  5:43  Extractor x2  
  94  5:44  Extractor  
  94  5:48  Overlord, Zerg Melee Weapons Level 1  
  94  5:49  Drone  
  92  5:50  Drone  
  92  5:51  Drone x2  
  92  5:53  Drone  
  92  5:54  Drone  
  92  5:55  Drone  
  98  6:07  Ravager  
  98  6:09  Drone x2  
  101  6:13  Drone  
  101  6:14  Spire  
  101  6:17  Hatchery  
  98  6:19  Overlord  
  98  6:20  Drone x3  
  98  6:21  Drone  
  98  6:24  Drone  
  98  6:25  Drone x2  
  105  6:26  Baneling Nest  
  105  6:28  Overseer  
  105  6:30  Overlord x2  
  104  6:48  Drone  
  104  6:49  Drone x2  
  104  6:50  Drone x6  
  112  7:05  Drone  
  112  7:07  Hatchery  
  112  7:15  Queen  
  114  7:25  Mutalisk  
  114  7:26  Mutalisk x4  
  114  7:27  Mutalisk  
  114  7:28  Mutalisk x2  
  114  7:29  Mutalisk x3  
  130  7:32  Zergling x14  
  130  7:34  Overseer  
  143  7:37  Zergling x8  
  143  7:41  Zergling x4  
  143  7:43  Overseer  
  149  7:48  Zergling x10  
  154  7:53  Centrifical Hooks  
  154  7:56  Zergling x6  
  157  8:02  Zergling x14  
  162  8:09  Zergling x8  
  162  8:11  Ravager x4  
  169  8:18  Zergling x12  
  175  8:27  Zergling x2  
  175  8:28  Zergling x6  
  175  8:32  Zergling x2  
  175  8:33  Zergling x6  
  175  8:42  Baneling  
  175  8:43  Zergling x2, Baneling x10  
  175  8:44  Zergling x8  
  179  8:54  Zergling x2  
  179  8:55  Zergling x2  
  181  8:56  Overlord x3  
  181  8:59  Baneling x4  
  181  9:01  Hatchery  
  180  9:08  Overlord x2  
  180  9:13  Baneling x6  
  180  9:16  Zergling x2  
  180  9:17  Zergling x6  
  184  9:22  Zergling x2  
  184  9:23  Zergling x22  
Show
View Real Time Build Order
Export as new Build Order

Nice Protoss 

Build Orders: 1 Gate Expand, Archon Immortal, Zealot Archon 

Get SALT Encoding   

  12  0:00  Probe  
  13  0:12  Probe  
  14  0:20  Pylon  
  14  0:23  Probe  
  15  0:34  Probe  
  16  0:43  Probe  
  16  0:44  Gateway  
  16  0:47  Assimilator  
  17  0:55  Probe  
  18  1:07  Probe  
  19  1:19  Probe  
  19  1:25  Nexus  
  20  1:36  Cybernetics Core  
  20  1:37  Probe  
  21  1:41  Assimilator  
  21  1:49  Probe  
  21  1:53  Pylon  
  22  2:02  Probe  
  22  2:03  Stalker  
  23  2:14  Warp Gate, Probe  
  26  2:26  Probe  
  26  2:28  Twilight Council  
  27  2:34  Adept  
  27  2:35  Probe  
  27  2:36  Probe  
  29  2:43  Probe  
  31  2:44  Probe  
  33  2:52  Probe  
  33  2:55  Resonating Glaives  
  34  3:01  Adept  
  34  3:02  Gateway  
  36  3:06  Probe  
  36  3:09  Probe  
  38  3:18  Probe  
  39  3:21  Probe  
  39  3:24  Gateway  
  39  3:26  Gateway  
  40  3:30  Probe  
  40  3:33  Adept  
  43  3:34  Probe  
  43  3:40  Pylon  
  44  3:43  Probe  
  44  3:46  Probe  
  46  3:58  Adept, Probe  
  46  3:59  Pylon  
  46  4:00  Probe  
  50  4:10  Probe  
  50  4:12  Nexus  
  50  4:16  Pylon  
  52  4:22  Probe, Pylon  
  52  4:25  Adept  
  52  4:26  Adept  
  56  4:31  Adept  
  56  4:36  Adept  
  56  4:38  Probe x2  
  62  4:40  Assimilator  
  62  4:46  Robotics Facility  
  62  4:50  Probe  
  62  4:51  Twilight Council  
  63  4:54  Forge  
  63  4:56  Probe  
  64  5:02  Probe  
  65  5:09  Gateway  
  65  5:11  Gateway  
  65  5:17  Protoss Ground Weapons Level 1  
  65  5:19  Assimilator  
  65  5:22  Gateway, Probe  
  65  5:23  Probe  
  65  5:24  Gateway  
  65  5:28  Charge  
  67  5:29  Observer, Probe  
  68  5:37  Templar Archives  
  68  5:39  Probe x2  
  68  5:41  Immortal, Probe  
  71  5:47  Probe x2  
  71  5:49  Probe  
  72  5:55  Sentry  
  72  5:56  Sentry  
  81  6:09  Immortal  
  81  6:11  Probe  
  81  6:12  Probe x2  
  81  6:13  Zealot x2  
  88  6:22  Pylon  
  88  6:24  Probe  
  93  6:30  Pylon  
  93  6:31  Pylon  
  93  6:32  Robotics Facility  
  93  6:40  Probe x3  
  93  6:46  Immortal  
  96  6:47  Assimilator  
  96  6:49  Shield Battery  
  96  6:50  High Templar x2  
  96  6:52  Probe x2, Assimilator  
  100  6:54  Zealot x5  
  112  7:07  Probe x2  
  112  7:08  Probe  
  111  7:11  Photon Cannon  
  111  7:13  Photon Cannon  
  111  7:14  Warp Prism, Protoss Ground Weapons Level 2  
  111  7:16  Archon  
  111  7:19  Probe x2  
  111  7:20  Probe  
  116  7:24  Pylon  
  116  7:28  Pylon  
  116  7:37  Probe  
  116  7:42  Immortal x2, Probe  
  122  7:45  Zealot  
  122  7:48  Probe  
  129  7:51  Pylon  
  129  7:59  High Templar x2  
  129  8:04  Pylon  
  129  8:05  Pylon  
  131  8:12  Archon  
  127  8:13  Zealot x3, High Templar x2  
  127  8:14  Zealot  
  127  8:17  Pylon  
  127  8:18  Pylon x2  
  136  8:21  Immortal  
  128  8:32  Zealot x2  
  128  8:33  Immortal  
  124  8:38  Archon  
  120  8:41  Probe  
  120  8:43  Zealot x3  
  124  8:53  Shield Battery  
  124  8:57  Photon Cannon, Probe  
  124  8:59  Probe  
  126  9:03  Probe  
  126  9:08  Photon Cannon  
  127  9:10  High Templar  
  127  9:13  High Templar  
  127  9:17  Archon  
  129  9:18  Probe  
  124  9:25  Probe  
  124  9:30  Zealot x4  
  81  9:42  High Templar  
Tags
 
Add a new tag
Caveats
  • Supply blocks, unpowered buildings, or Contaminate may cause inaccurate times.
  • Supply counts are checked every 10 seconds.